 Dungeon Crawl Stone Soup version 0.20.1-1-g8b1a95d (webtiles) character file.

230 letownia2 the Grave Robber (level 5, -1/42 HPs)
             Began as a Deep Dwarf Necromancer on Nov 4, 2017.
             Slain by a bullfrog (2 damage)
             ... in a sewer.
             The game lasted 00:08:07 (1841 turns).

letownia2 the Grave Robber (Deep Dwarf Necromancer) Turns: 1841, Time: 00:08:08

Health: -1/42      AC:  4    Str: 12    XL:     5   Next: 72%
Magic:  0/9        EV:  9    Int: 16    God:
Gold:   35         SH:  0    Dex: 13    Spells: 5/9 levels left

rFire    . . .     SeeInvis .   e - +0 spear
rCold    . . .     Gourm    .   (no shield)
rNeg     . . .     Faith    .   a - +0 robe
rPois    .         Spirit   .   f - +0 helmet
rElec    .         Reflect  .   (no cloak)
rCorr    .         Harm     .   (no gloves)
MR       .....                  d - +0 pair of boots
Stlth    ++........             (no amulet)
Regen    0.0/turn               (no ring)
MPRegen  0.2/turn               (no ring)

@: non-regenerating, constricted
A: damage resistance, heal wounds, sense surroundings 1, no regeneration
a: Heal Wounds


You were in a sewer.
You were not hungry.

You visited 1 branch of the dungeon, and saw 3 of its levels.
You also visited: Sewer.

You collected 35 gold pieces.

Inventory:

Hand Weapons
 e - a +0 spear (weapon)
 j - a +0 hand crossbow
Armour
 a - a +0 robe (worn)
 d - a +0 pair of boots (worn)
 f - a +0 helmet (worn)
Scrolls
 h - 2 scrolls of identify {unknown}
 i - a scroll of enchant weapon {unknown}
 o - 2 scrolls of recharging {unknown}
 p - a scroll of fear {unknown}
 q - a scroll of fog {unknown}
Potions
 g - 3 potions of brilliance {unknown}
 k - a potion of might {unknown}
 l - a potion of heal wounds {unknown}
 m - a potion of curing {unknown}
Books
 b - a book of Necromancy

   Spells                             Type                      Level
   a - Pain                           Necromancy                   1
   b - Animate Skeleton               Necromancy                   1
   c - Vampiric Draining              Necromancy                   3
   d - Regeneration                   Charms/Necromancy            3
   e - Animate Dead                   Necromancy                   4
   f - Control Undead                 Necromancy                   4
Comestibles
 c - a bread ration
 n - 6 chunks of flesh


   Skills:
 - Level 2.1 Dodging
 - Level 2.4 Stealth
 + Level 2.7 Spellcasting
 + Level 7.2 Necromancy


You had 5 spell levels left.
You knew the following spells:

 Your Spells              Type           Power        Failure   Level  Hunger
a - Pain                  Necr           ####         1%          1    #......
v - Vampiric Draining     Necr           ####......   3%          3    ###....


Dungeon Overview and Level Annotations

Branches:
Dungeon (3/15)

Altars:


Innate Abilities, Weirdness & Mutations

You are resistant to damage.
You can heal yourself by infusing magical energy.
You passively map a small area around you.
You do not regenerate.


Message History

The bullfrog is severely wounded.
The bullfrog misses you. The bullfrog hits you.
Unknown command.
You closely miss the bullfrog.
The bullfrog is severely wounded.
The bullfrog barely misses you. The bullfrog misses you.
Unknown command.
You hit the bullfrog.
The bullfrog is almost dead.
The bullfrog closely misses you. The ball python closely misses you.
The ball python misses you.
Unknown command.
You barely miss the bullfrog.
The bullfrog is almost dead.
The bullfrog hits you.
* * * LOW HITPOINT WARNING * * *
The ball python bites you but does no damage.
The ball python grabs you. The ball python constricts you.
The bullfrog hits you.
You die...

≈≈≈≈≈≈≈≈≈≈≈≈≈≈≈≈≈...##
≈≈≈≈≈≈≈≈≈.≈≈≈≈≈≈.....#
.≈≈≈≈≈≈≈...≈≈≈≈≈.....#
≈≈≈≈≈≈≈≈≈..÷≈≈≈≈≈....##
#≈≈≈≈≈≈≈≈≈≈≈≈≈≈≈#.....#
##################....#
##...## #####...#
#@F†....# #.S#....#
####...## *
############....# , ≈≈
≈≈≈≈≈≈≈≈≈≈≈†.....#
≈≈≈≈≈≈≈≈≈≈%....##
≈≈≈≈≈≈≈≈≈≈≈.....#
≈≈≈≈≈≈≈≈≈≈.....#
≈..≈≈≈≈S≈≈≈...##


You could see a bullfrog and a ball python.

Vanquished Creatures
  A bullfrog (Sewer)
  7 river rats
  5 adders
  2 oozes (Sewer)
  4 worms (D:3)
  A leopard gecko (D:3)
  A bat (D:3)
  A hobgoblin (D:3)
  2 jackals (D:3)
  7 ball pythons (Sewer)
  4 frilled lizards
  24 rats
59 creatures vanquished.

Notes
Turn   | Place    | Note
-------+----------+-------------------------------------------
     0 | D:1      | letownia2 the Deep Dwarf Necromancer began the quest for the Orb.
     0 | D:1      | Reached XP level 1. HP: 15/15 MP: 3/3
   208 | D:3      | Reached XP level 2. HP: 22/22 MP: 1/5
   254 | D:3      | Reached skill level 5 in Necromancy
   347 | D:3      | Reached XP level 3. HP: 28/28 MP: 1/6
   362 | D:3      | Learned a level 3 spell: Vampiric Draining
   497 | D:3      | Found a glowing drain.
   591 | Sewer    | Entered a sewer
   980 | Sewer    | Reached skill level 6 in Necromancy
   980 | Sewer    | Reached XP level 4. HP: 32/36 MP: 3/7
  1437 | Sewer    | Reached XP level 5. HP: 26/42 MP: 0/8
  1801 | Sewer    | Reached skill level 7 in Necromancy
  1841 | Sewer    | HP: 1/42 [bullfrog (5)]
  1841 | Sewer    | Slain by a bullfrog

Skill      XL: |  1  2  3  4  5 |
---------------+----------------+-----
Spellcasting   | 2 |  2.7
Necromancy     | 5 6 7 |  7.2
Dodging        | |  2.1
Stealth        | |  2.4

Action                   |  1- 3 |  4- 6 || total
-------------------------+-------+-------++-------
Melee: Spear             |    18 |    48 ||    66
 Cast: Pain              |    64 |    25 ||    89
       Vampiric Draining |     1 |    14 ||    15
  Eat: Chunk             |     2 |     5 ||     7
Armor: Robe              |     5 |    22 ||    27
Dodge: Dodged            |    10 |    79 ||    89
